 Dungeon Crawl Stone Soup version 0.20-a0-1000-g0e8f6bb (webtiles) character file.

8950 Monsterracer the Thaumaturge (level 11, -3/60 HPs)
             Began as a Deep Elf Fire Elementalist on Apr 12, 2017.
             Was an Elder of Vehumet.
             Slain by a hornet (11 damage)
             ... on level 11 of the Dungeon.
             The game lasted 00:59:56 (12057 turns).

Monsterracer the Thaumaturge (DEFE)                Turns: 12057, Time: 00:59:57

Health: -3/60      AC: 13    Str:  6    XL:     11   Next: 16%
Magic:  12/29      EV:  8    Int: 23    God:    Vehumet [****..]
Gold:   645        SH:  5    Dex: 15    Spells: 8/29 levels left

rFire    x . .     SeeInvis .   f - +0 short sword (venom)
rCold    + + .     Gourm    .   A - +0 buckler
rNeg     . . .     Faith    .   F - +0 ice dragon scales
rPois    .         Spirit   .   i - +0 helmet
rElec    .         Reflect  .   (no cloak)
rCorr    +         Harm     .   m - +1 pair of gloves
MR       +....                  (no boots)
Stlth    +.........             (no amulet)
Regen    0.2/turn               n - ring of wizardry
MPRegen  0.3/turn               B - ring of resist corrosion

@: lethally poisoned (-3 -> -7), slowed, very slow
A: blink, high mp 1
a: Blink, Renounce Religion


You were on level 11 of the Dungeon.
You worshipped Vehumet.
Vehumet was greatly pleased with you.
You were not hungry.

You visited 2 branches of the dungeon, and saw 12 of its levels.
You also visited: Bailey.

You collected 645 gold pieces.

Inventory:

Hand Weapons
 f - a +0 short sword of venom (weapon)
Armour
 i - a +0 helmet (worn)
 m - a +1 pair of gloves (worn)
 q - the +8 scale mail "Naplil" {rN+ Int+3}
   (You found it on level 8 of the Dungeon)

   It affects your intelligence (+3).
   It protects you from negative energy.
 z - the +1 leather armour of the Enchanted Forest {rCorr Dex+3}
   (You found it on level 7 of the Dungeon)

   It affects your dexterity (+3).
   It protects you from acid and corrosion.
 A - a +0 buckler (worn)
 F - +0 ice dragon scales (worn)
Jewellery
 e - an uncursed ring of protection from fire
 n - a ring of wizardry (left hand)
 B - a ring of resist corrosion (right hand)
Wands
 v - a wand of flame (33/48)
 E - a wand of iceblast (9/15)
Scrolls
 d - 12 scrolls of identify
 g - 10 scrolls of remove curse
 l - a scroll of fog
 o - 5 scrolls of teleportation
 w - a scroll of amnesia
 x - a scroll of enchant armour
 y - 3 scrolls of recharging
 D - a scroll of blinking
Potions
 b - a potion of brilliance
 j - 2 potions of invisibility
 p - 9 potions of flight
 r - 3 potions of curing
 s - 3 potions of haste
Comestibles
 c - 9 bread rations
 k - 6 meat rations
 t - 5 fruits
 u - 9 royal jellies


   Skills:
 + Level 3.7 Fighting
 + Level 4.2 Short Blades
 + Level 3.6 Armour
 + Level 6.5 Dodging
 - Level 2.4 Stealth
 - Level 4.0 Shields
 * Level 9.7 Spellcasting
 * Level 9.2 Conjurations
 * Level 9.7 Fire Magic


You had 8 spell levels left.
You knew the following spells:

 Your Spells              Type           Power        Failure   Level  Hunger
a - Flame Tongue          Conj/Fire      #####        1%          1    None
b - Sticky Flame          Conj/Fire      ######..     4%          4    ##.....
c - Conjure Flame         Conj/Fire      ######..     1%          3    None
d - Fireball              Conj/Fire      ######....   17%         5    ####...
e - Searing Ray           Conj           ######       1%          2    None
f - Mephitic Cloud        Conj/Pois/Air  ####....     24%         3    None
g - Regeneration          Chrm/Necr      ##........   99%         3    None


Dungeon Overview and Level Annotations

Branches:
Dungeon (11/15)            Temple (1/1) D:7            Lair (0/6) D:8
    Orc: D:9-12

Altars:
Ashenzari
Cheibriados
Dithmenos
Elyvilon
Hepliaklqana
Kikubaaqudgha
Qazlal
Sif Muna
Trog
Uskayaw
Vehumet
Xom
The Shining One

Shops:
D:8 =

Annotations:
D:10 Fannar
D:11 Harold


Innate Abilities, Weirdness & Mutations

You can translocate small distances at will.
You have an increased reservoir of magic. (+10% MP)


Message History

The flame tongue misses the hornet.
The hornet stings you!
* * * LOW HITPOINT WARNING * * *
You suddenly lose the ability to move!
The hornet stings you.
* * * LOW HITPOINT WARNING * * *
You feel yourself slow down. The hornet stings you.
* * * LOW HITPOINT WARNING * * *
You feel as though you will be slow longer.
The hornet stings you but does no damage.
You can move again.
Unknown command.
You feel better. The hornet stings you!
* * * LOW HITPOINT WARNING * * *
You are poisoned.
You feel as though you will be slow longer.
You block the hornet's attack.
You closely miss the hornet.
You feel sick. The hornet barely misses you. The hornet stings you!
You die...

## #.## #@# #y###
##).#### ####
##......##
#...##........##
#.......).#....##
###.......###...##
##.......###(..#
#...###..##.(.##


You could see a hornet.

Vanquished Creatures
  A two-headed ogre (D:11)
  Erica (D:8)
  An ugly thing (D:11)
  The ghost of MovingMist the Ducker, a novice MfGl (D:7)
  2 hornets (D:8)
  Sigmund (D:5)
  A shadow (D:11)
  Eustachio (D:5)
  A wyvern (D:8)
  5 humans
  A hungry ghost (D:6)
  A soldier ant (D:8)
  3 porcupines (D:8)
  A water moccasin (D:8)
  A hornet zombie (D:7)
  12 orc warriors
  4 sky beasts
  3 black bears
  2 phantoms (D:6)
  An ice beast (D:7)
  An ogre (D:4)
  3 centaurs
  2 big kobolds
  9 bullfrogs
  A scorpion (D:9)
  7 wights
  A crimson imp (D:6)
  2 hounds
  3 centaur zombies
  2 jellies (D:7)
  A centaur skeleton (D:7)
  8 orc priests
  A quasit (D:8)
  7 orc wizards
  4 worker ants
  A killer bee zombie (D:9)
  A hound skeleton (D:5)
  A howler monkey skeleton (D:5)
  7 gnolls
  5 adders
  A shadow imp (D:6)
  An ooze (D:1)
  An adder zombie (D:9)
  2 adder skeletons
  4 worms
  A dart slug (D:1)
  10 leopard geckos
  35 orcs
  4 ball pythons
  4 giant cockroaches
  10 goblins
  8 hobgoblins
  29 kobolds
  3 quokkas
  10 bats
  4 frilled lizards
  A quokka skeleton (D:9)
  A quokka zombie (D:5)
  6 rats
246 creatures vanquished.

Vanquished Creatures (others)
  An adder (D:7)
  A quokka (D:7)
  7 fungi (D:8)
  2 plants (D:8)
11 creatures vanquished.

Grand Total: 257 creatures vanquished

Notes
Turn   | Place    | Note
-------+----------+-------------------------------------------
     0 | D:1      | Monsterracer the Deep Elf Fire Elementalist began the quest for the Orb.
     0 | D:1      | Reached XP level 1. HP: 10/10 MP: 6/6
   149 | D:1      | Reached XP level 2. HP: 5/15 MP: 4/8
   337 | D:1      | Learned a level 2 spell: Throw Flame
   893 | D:1      | Reached XP level 3. HP: 19/19 MP: 5/9
  1256 | D:2      | Learned a level 3 spell: Conjure Flame
  1517 | D:2      | Found a bloodstained altar of Trog.
  1649 | D:2      | Found a glowing golden altar of the Shining One.
  1872 | D:3      | Reached XP level 4. HP: 21/24 MP: 2/11
  2146 | D:3      | Found a shadowy altar of Dithmenos.
  2284 | D:3      | Found a stormy altar of Qazlal.
  2285 | D:3      | Found a deep blue altar of Sif Muna.
  2699 | D:4      | Found a radiant altar of Vehumet.
  2699 | D:4      | Found a hazy altar of Hepliaklqana.
  2702 | D:4      | Became a worshipper of Vehumet
  2717 | D:4      | Learned a level 4 spell: Sticky Flame
  2771 | D:4      | You fall through a shaft for 3 floors!
  2771 | D:7      | Noticed an ice beast
  2776 | D:7      | Killed an ice beast
  2776 | D:7      | Reached skill level 5 in Fire Magic
  2776 | D:7      | Reached XP level 5. HP: 28/28 MP: 7/12
  2846 | D:7      | Found a white marble altar of Elyvilon.
  2856 | D:7      | Noticed a hungry ghost
  2875 | D:6      | Noticed a sky beast
  2882 | D:6      | Killed a sky beast
  2882 | D:6      | Reached XP level 6. HP: 23/32 MP: 4/14
  3184 | D:5      | Entered Level 5 of the Dungeon
  3538 | D:5      | Noticed Eustachio
  3543 | D:4      | Reached skill level 5 in Conjurations
  3652 | D:4      | Noticed a hand axe
  3652 | D:4      | Noticed a dagger
  3654 | D:4      | Found a hide-covered altar of Uskayaw.
  4151 | D:4      | Gained mutation: You can translocate small distances at will. [potion of mutation]
  4151 | D:4      | Gained mutation: You have an increased reservoir of magic. (+10% MP) [potion of mutation]
  4259 | D:4      | Learned a level 5 spell: Fireball
  4278 | D:5      | Noticed Sigmund
  4318 | D:5      | Found a shattered altar of Ashenzari.
  4347 | D:5      | Reached XP level 7. HP: 36/36 MP: 14/17
  4376 | D:5      | Reached skill level 5 in Spellcasting
  4394 | D:5      | Killed Eustachio
  4394 | D:5      | Reached skill level 1 in Short Blades
  4606 | D:5      | Reached * piety under Vehumet
  4606 | D:5      | Offered knowledge of Sandblast by Vehumet.
  4830 | D:5      | Found a shadowy altar of Dithmenos.
  4887 | D:5      | Killed Sigmund
  4887 | D:5      | Reached skill level 1 in Fighting
  5256 | D:5      | Reached XP level 8. HP: 21/43 MP: 3/20
  6912 | D:7      | Noticed MovingMist's ghost (novice MfGl)
  6925 | D:7      | Killed MovingMist's ghost
  7138 | D:6      | Reached XP level 9. HP: 41/48 MP: 14/24
  7407 | D:7      | Found a staircase to the Ecumenical Temple.
  7418 | D:7      | Found a stormy altar of Qazlal.
  7482 | Temple   | Entered the Ecumenical Temple
  7644 | D:7      | Offered knowledge of Searing Ray by Vehumet.
  7646 | D:7      | Reached ** piety under Vehumet
  7650 | D:7      | Learned a level 2 spell: Searing Ray
  7762 | D:7      | Reached skill level 5 in Dodging
  8413 | D:7      | Got a transparent leather armour
  8424 | D:7      | Identified the cursed +1 leather armour of the Enchanted Forest {rCorr Dex+3} (You found it on level 7 of the Dungeon)
  8855 | D:8      | Noticed Erica
  8867 | D:8      | Killed Erica
  8867 | D:8      | Reached XP level 10. HP: 48/56 MP: 9/27
  8986 | D:8      | Got a smoking scale mail
  8998 | D:8      | Identified the +8 scale mail "Naplil" {rN+ Int+3} (You found it on level 8 of the Dungeon)
  9013 | D:8      | Reached skill level 1 in Armour
  9079 | D:8      | Offered knowledge of Mephitic Cloud by Vehumet.
  9195 | D:8      | Learned a level 3 spell: Mephitic Cloud
  9215 | D:8      | Found a staircase to the Lair.
  9338 | D:8      | Reached *** piety under Vehumet
  9532 | D:8      | Learned a level 3 spell: Regeneration
  9541 | D:8      | Found Buoquet's Jewellery Shoppe.
  9575 | D:8      | Paralysed by a hornet for 2 turns
 10102 | D:8      | Offered knowledge of Fulminant Prism by Vehumet.
 10246 | D:9      | Reached skill level 1 in Shields
 11069 | D:9      | Found a snail-covered altar of Cheibriados.
 11079 | D:9      | You fall through a shaft for 2 floors!
 11079 | D:11     | Found a flagged portal.
 11086 | Bailey   | Entered a bailey
 11211 | Bailey   | Reached **** piety under Vehumet
 11573 | D:11     | Offered knowledge of Lightning Bolt by Vehumet.
 11603 | D:10     | Entered Level 10 of the Dungeon
 11620 | D:10     | Noticed Fannar
 11713 | D:11     | Reached XP level 11. HP: 59/60 MP: 20/28
 11716 | D:11     | Noticed a two-headed ogre
 11724 | D:11     | Killed a two-headed ogre
 11953 | D:11     | Noticed a white ugly thing
 11963 | D:11     | Noticed a two-headed ogre
 11963 | D:11     | Killed a white ugly thing
 11964 | D:11     | Noticed a two-headed ogre
 11966 | D:11     | Noticed an ogre mage
 11967 | D:11     | Noticed a two-headed ogre
 11970 | D:11     | Noticed Harold
 11970 | D:11     | Noticed a two-headed ogre
 11970 | D:11     | Noticed a two-headed ogre
 12053 | D:11     | Paralysed by a hornet for 3 turns
 12057 | D:11     | Slain by a hornet

Vault maps used:
D:1:      lightli_arrival_farm
D:2:      lemuel_crystal_altar, trog_three_pillars_becter
D:3:      chequers_temple_overflow_statue_of_worship, lemuel_round_altar
D:4:      dancing_weapons_uskayaw, grunt_temple_overflow_open, first_bread
D:5:      basic_altar, grunt_dithmenos_smoke_and_mirrors, uniq_sigmund,
          uniq_eustachio
D:6:      grunt_ministairs_13, minivault_19
D:7:      elyvilon_altar_4, temple_statues, basic_altar, minmay_ruffians
D:8:      grunt_lair_entry_orc_guard_hut, serial_shops, shop,
          hangedman_pestilent_swarm, uniq_erica
D:9:      lemuel_coloured_pillars_altar
D:10:     cheibrodos_grave_circle, erik_orc_4, jmf_multi_god_temple, uniq_fannar
D:11:     enter_bailey_2, uniq_harold
Temple:   cyrus_circular_temple
Bailey:   bailey_axe_4, bailey

Skill      XL: |  1  2  3  4  5  6  7  8  9 10 |
---------------+-------------------------------+-----
Conjurations   | 2 3 4 5 6 7 8 9 |  9.2
Fire Magic     | 4 5 6 8 9 |  9.7
Spellcasting   | 4 5 7 9 |  9.7
Short Blades   | 1 2 4 |  4.2
Fighting       | 1 2 3 |  3.7
Dodging        | 3 4 5 6 |  6.5
Armour         | 3 |  3.6
Shields        | 4 |  4.0
Stealth        | |  2.4

Action                   |  1- 3 |  4- 6 |  7- 9 | 10-12 || total
-------------------------+-------+-------+-------+-------++-------
Melee: Unarmed           |     2 |       |       |       ||     2
       Short sword       |       |     4 |    47 |    14 ||    65
 Cast: Flame Tongue      |    71 |    66 |   172 |   227 ||   536
       Throw Flame       |     7 |       |       |       ||     7
       Sticky Flame      |       |     4 |    29 |    24 ||    57
       Fireball          |       |       |     6 |     6 ||    12
       Conjure Flame     |       |       |     2 |     4 ||     6
       Searing Ray       |       |       |     9 |     5 ||    14
       Mephitic Cloud    |       |       |       |     4 ||     4
 Abil: Blink             |       |     1 |       |       ||     1
  Use: Potion            |     8 |     1 |     4 |     7 ||    20
       Scroll            |       |     9 |     3 |     4 ||    16
  Eat: Chunk             |     3 |     6 |    18 |     9 ||    36
       Fruit             |       |     1 |     1 |     1 ||     3
       Royal jelly       |       |       |     2 |     1 ||     3
Armor: Robe              |     4 |     4 |     3 |       ||    11
       Leather armour    |       |       |    43 |       ||    43
       Scale mail        |       |       |       |    79 ||    79
       Ice dragon scales |       |       |       |    10 ||    10
Dodge: Dodged            |    19 |    14 |    74 |    66 ||   173
Block: Buckler           |       |       |       |    30 ||    30
